Description

Bo présenté sur ogaming

VOD

https://youtu.be/U29TmQAnVJ0?t=28m19s

Build Order

Get SALT Encoding   

  14  0:22  Pylon  wall b2
  15  0:45  Gateway  
  16  0:51  Assimilator  
  17  1:07  Assimilator  
  19  1:31  Cybernetics Core  @100% gate
  19  1:35  Gateway  
  21  1:58  Pylon  
  21  2:00  Warp Gate (Chrono Boost)  @100% ciber
  22  2:14  Adept  en continu
  25  2:26  Gateway  
  25  2:28  Gateway  
  25  2:32  Pylon  
  25  2:39  Twilight Council  
  29  3:02  Pylon  proxy
  35  3:17  Resonating Glaives (Chrono Boost)  @100% twilight Council
  35  3:24  Gateway  proxy
Spawning Tool Build Advisor. Get it on Overwolf

Go to:

Details

  • Created by: shaltarus
  • Published on: Apr 08, 2018
  • Modified on: Apr 08, 2018
  • Patch: 4.0.0
Show
View Real Time Build Order
Export as new Build Order

Comments (0)

There are no comments. Be the first!

Create an account to comment!